 Dungeon Crawl Stone Soup version 0.31-a0-1098-g6898e6545c (webtiles) character file.

Game seed: 8352290331258718496

2270492 KimchiStew the Ruinous (level 26, 165/190 (191) HPs)
             Began as a Demonspawn Conjurer on Nov 30, 2023.
             Was the Champion of Vehumet.
             Escaped with the Orb
             ... and 4 runes!
             The game lasted 02:40:36 (71376 turns).

KimchiStew the Ruinous (Demonspawn Conjurer)       Turns: 71376, Time: 02:40:37

HP:   165/190 (191) AC: 11    Str: 11    XL:     26   Next: 14%
MP:   48/48         EV: 22    Int: 32    God:    Vehumet [******]
Gold: 5441          SH:  7    Dex: 17    Spells: 10/67 levels left

rFire   + . .        g - staff of Wengawisoa {rElec Will+ Int+3 Conj}
rCold   + + .        R - +2 buckler "Jisisios" {Will+ Int+2}
rNeg    + . .        b - +3 steam dragon scales
rPois   +            A - +0 mask of the Dragon {Will+ Slay+3 SInv}
rElec   +            N - scarf {rC+ rF+}
rCorr   +            G - +3 pair of gloves of Nuggoxta {rPois}
SInv    +            (boots unavailable)
Will    +++++        w - amulet of magic regeneration
Stlth   +            X - ring "Mudastrurr" {Wiz rN+}
HPRegen 0.51/turn    x - ring of resist corrosion
MPRegen 0.71/turn

%: repel missiles, clarity, wizardry (x1)
@: studying 4 skills, lightly drained
A: hooves 3, repulsion field 3, hurl damnation, foul stench 3, powered by death
3, torment resistance 1, demonic willpower, agile 1, clarity, cold resistance 1,
deformed body, poison resistance, strong 1, wild magic 1, no potion heal 1
0: Orb of Zot
}: 4/15 runes: serpentine, barnacled, slimy, silver
a: Hurl Damnation, Renounce Religion


You escaped.
You worshipped Vehumet.
Vehumet was exalted by your worship.
You visited 11 branches of the dungeon, and saw 53 of its levels.
You also visited: Ice Cave.

You collected 8073 gold pieces.
You spent 2632 gold pieces at shops.

Inventory:

Missiles
 l - 17 curare-tipped darts
 u - 3 throwing nets
Armour
 b - +3 steam dragon scales (worn)
 A - the +0 mask of the Dragon (worn) {Will+ Slay+3 SInv}
   (You found it in an ice cave)

   Slay+3:    It affects your accuracy & damage with ranged weapons and melee
   (+3).
   Will+:     It increases your willpower.
   SInv:      It lets you see invisible.
 G - the +3 pair of gloves of Nuggoxta (worn) {rPois}
   (You bought it in a shop on level 8 of the Dungeon)

   rPois:     It protects you from poison
 N - a scarf of resistance (worn)
 R - the +2 buckler "Jisisios" (worn) {Will+ Int+2}
   (You acquired it on level 4 of the Lair of Beasts)

   Int+2:     It affects your intelligence (+2).
   Will+:     It increases your willpower.
 S - +2 pearl dragon scales
Magical Staves
 g - the staff of Wengawisoa (weapon) {rElec Will+ Int+3 Conj}
   (You found it on level 3 of the Elven Halls)

   [staff of conjuration]

   Base accuracy: +5 Base damage: 5 Base attack delay: 1.2 This weapon's minimum
   attack delay (0.6) is reached at skill level 12.
   Int+3:     It affects your intelligence (+3).
   rElec:     It insulates you from electricity.
   Will+:     It increases your willpower.
   Conj:      It increases the power of your Conjurations spells.
   It falls into the 'Staves' category.
   It is a one-handed weapon.
Jewellery
 d - a ring of flight
 i - a ring of protection from cold
 j - a ring of willpower
 n - the ring "Ewoitruu" {Int+6 Slay-5 SInv}
   (You found it on level 2 of the Depths)

   [ring of see invisible]

   Int+6:     It affects your intelligence (+6).
   Slay-5:    It affects your accuracy & damage with ranged weapons and melee
   (-5).
   SInv:      It lets you see invisible.
 t - a +5 ring of evasion
 w - an amulet of magic regeneration (around neck)
 x - a ring of resist corrosion (right hand)
 D - a ring of magical power
 M - a ring of protection from fire
 P - the ring of the Devil's Team {rElec AC+4 Slay+5 Stlth+}
   (You took it off a frost giant on level 5 of the Vaults)

   [ring of protection]

   AC+4:      It affects your AC (+4).
   Slay+5:    It affects your accuracy & damage with ranged weapons and melee
   (+5).
   rElec:     It insulates you from electricity.
   Stlth+:    It makes you more stealthy.
 X - the ring "Mudastrurr" (left hand) {Wiz rN+}
   (You took it off a deep elf death mage on level 3 of the Elven Halls)

   [ring of wizardry]

   Wiz:       It improves your spell success rate.
   rN+:       It protects you from negative energy.
Wands
 h - a wand of iceblast (39)
 y - a wand of paralysis (90)
 C - a wand of light (35)
 I - a wand of mindburst (12)
 V - a wand of flame (96)
 Y - a wand of digging (10)
Scrolls
 a - 13 scrolls of teleportation
 c - 13 scrolls of fog
 k - 13 scrolls of vulnerability
 p - 3 scrolls of silence
 q - 9 scrolls of poison
 v - 2 scrolls of amnesia
 E - 2 scrolls of torment
 F - 4 scrolls of summoning
 H - 4 scrolls of immolation
 U - 2 scrolls of fear
Potions
 m - 20 potions of curing
 o - 5 potions of mutation
 r - 2 potions of cancellation
 z - 6 potions of enlightenment
 B - 5 potions of lignification
 K - 2 potions of might
 O - 8 potions of haste
 Q - 3 potions of magic
 T - a potion of invisibility
 W - 6 potions of resistance
Miscellaneous
 J - a phial of floods
 L - a phantom mirror
 Z - a condenser vane


   Skills:
 - Level 12.0 Fighting
 - Level 4.0 Polearms
 + Level 8.5 Armour
 + Level 11.1 Dodging
 - Level 3.0 Stealth
 - Level 4.0 Shields
 - Level 21.0 Spellcasting
 - Level 24.0 Conjurations
 - Level 4.0 Hexes
 - Level 4.0 Translocations
 - Level 24.0 Fire Magic
 - Level 6.0 Ice Magic
 * Level 10.5 Air Magic
 * Level 11.7 Earth Magic
 - Level 2.0 Evocations


You had 10 spell levels left.
You knew the following spells:

 Your Spells              Type           Power      Damage    Failure   Level
a - Fire Storm            Conj/Fire      76%        8d19      1%          9
b - Lehudib's Crystal Sp  Conj/Erth      68%        10d16     1%          8
c - Irradiate             Conj/Tmut      60%        3d31      1%          5
d - Passwall              Tmut/Erth      62%        N/A       1%          2
e - Blink                 Tloc           100%       N/A       1%          2
f - Plasma Beam           Fire/Air       56%        2x1d71    1%          6
g - Magic Dart            Conj           100%       1d8       1%          1
h - Spellforged Servitor  Conj/Summ      60%        N/A       1%          7
i - Freezing Cloud        Conj/Ice/Air   62%        6-21      1%          5
j - Ignition              Fire           63%        3d17      1%          8
k - Fulminant Prism       Conj/Hex       63%        3d26      1%          4

Your spell library contained the following spells:

 Spells                   Type           Power      Damage    Failure   Level
 Maxwell's Capacitive Co  Air            46%        ∞         14%         8
 Polar Vortex             Ice            38%        12d5*     99%         9
 Apportation              Tloc           100%       N/A       1%          1
 Freeze                   Ice            100%       1d10      1%          1
 Kiss of Death            Conj/Necr      100%       2d13      1%          1
 Necrotise                Necr           100%       1d9       1%          1
 Slow                     Hex            100%       N/A       1%          1
 Summon Small Mammal      Summ           100%       N/A       1%          1
 Call Imp                 Summ           86%        N/A       1%          2
 Cigotuvi's Dreadful Rot  Necr/Pois/Air  100%       N/A       1%          2
 Lesser Beckoning         Tloc           100%       N/A       1%          2
 Momentum Strike          Conj/Tloc      100%       3d10      1%          2
 Poisonous Vapours        Pois/Air       100%       N/A       1%          2
 Scorch                   Fire           100%       2d9       1%          2
 Searing Ray              Conj           100%       2d8       1%          2
 Confusing Touch          Hex            67%        N/A       1%          3
 Dazzling Flash           Conj/Hex       100%       N/A       1%          3
 Frozen Ramparts          Ice            100%       1d16      1%          3
 Gell's Gravitas          Tloc           67%        N/A       1%          3
 Hailstorm                Conj/Ice       100%       3d20      1%          3
 Ignite Poison            Fire/Tmut/Pois 84%        N/A       1%          3
 Mephitic Cloud           Conj/Pois/Air  100%       N/A       1%          3
 Ozocubu's Armour         Ice            76%        N/A       1%          3
 Sigil of Binding         Hex            67%        N/A       1%          3
 Summon Guardian Golem    Hex/Summ       57%        N/A       1%          3
 Teleport Other           Tloc           67%        N/A       1%          3
 Tukima's Dance           Hex            67%        N/A       1%          3
 Cause Fear               Hex            33%        N/A       1%          4
 Flame Wave               Conj/Fire      100%       2d21      1%          4
 Iskenderun's Mystic Bla  Conj/Tloc      100%       2d19      1%          4
 Leda's Liquefaction      Hex/Erth       41%        N/A       1%          4
 Manifold Assault         Tloc           67%        N/A       1%          4
 Passage of Golubria      Tloc           67%        N/A       1%          4
 Sticky Flame             Conj/Fire      100%       2d11      1%          4
 Vhi's Electric Charge    Tloc/Air       100%       N/A       1%          4
 Arcjolt                  Conj/Air       68%        1d78      1%          5
 Fireball                 Conj/Fire      76%        3d28      1%          5
 Iskenderun's Battlesphe  Conj           100%       2d15      1%          5
 Lee's Rapid Deconstruct  Erth           48%        3d23*     1%          5
 Bombard                  Conj/Erth      68%        9d11      1%          6
 Orb of Destruction       Conj           76%        9d17      1%          7
 Vampiric Draining        Necr           43%        2d9       2%          3
 Olgreb's Toxic Radiance  Pois           43%        N/A       2%          4
 Summon Ice Beast         Ice/Summ       62%        N/A       2%          4
 Yara's Violent Unravell  Hex/Tmut       28%        3d12      2%          5
 Metabolic Englaciation   Hex/Ice        35%        N/A       3%          5
 Summon Forest            Summ/Tloc      28%        N/A       10%         5
 Summon Mana Viper        Hex/Summ       57%        N/A       10%         5
 Chain Lightning          Conj/Air       68%        3d90      14%         9
 Simulacrum               Ice/Necr       31%        N/A       30%         6
 Summon Cactus Giant      Summ           21%        N/A       67%         6
 Shatter                  Erth           48%        3d37*     67%         9
 Malign Gateway           Summ/Tloc      28%        N/A       90%         7
 Discord                  Hex            33%        N/A       99%         8
 Disjunction              Tloc           33%        N/A       99%         8
 Summon Horrible Things   Summ           21%        N/A       100%        8
 Death's Door             Necr           21%        N/A       100%        9
 Dragon's Call            Summ           21%        N/A       100%        9


Dungeon Overview and Level Annotations

Branches:
Dungeon (15/15)            Temple (1/1) D:4            Lair (5/5) D:11
 Shoals (4/4) Lair:3        Snake (4/4) Lair:2        Slime (5/5) Lair:5
    Orc (2/2) D:9             Elf (3/3) Orc:2        Vaults (5/5) D:14
  Crypt (0/3) Vaults:3     Depths (4/4) D:15            Zot (5/5) Depths:4
  IceCv (visited)

Altars:
Ashenzari
Cheibriados
Dithmenos
Fedhas
Gozag
Hepliaklqana
Kikubaaqudgha
Makhleb
Okawaru
Qazlal
Ru
Sif Muna
Trog
Uskayaw
Vehumet
Wu Jian
Xom
Yredelemnul
Jiyva

Shops:
D:1 !   D:8 *(:!=   D:13 :(   Orc:2 :!*(   Elf:1 ([:   Elf:2 *(::[   Elf:3 ?
Shoals:1 (   Vaults:2 [   Vaults:3 (

Portals:
Hell: Depths:1 Depths:2 Depths:3 Depths:4
Abyss: Depths:1 Depths:3
Pandemonium: Depths:2
Ziggurat: Depths:4

Annotations:
D:6 2 transporters, Jeremiah; Roalbala's ghost, novice DrSh
D:15 3 runed translucent doors, Domino's ghost, adept MiFi; Eneel's ghost, journeyman DsWn; Jeromn Koenk's ghost, adept OpSh
Snake:3 Roxanne
Orc:1 3 runed translucent doors, JaaP's ghost, journeyman BaHu
Elf:1 1 runed translucent door, Socil's ghost, veteran DjDe
Elf:2 3 runed translucent doors


Innate Abilities, Weirdness & Mutations

You have hooves in place of feet.
You are surrounded by a strong repulsion field. (EV +4, RMsl)
You can hurl damnation.
You frequently emit foul miasma when damaged in melee.
You regenerate a lot of health from kills.
You are resistant to unholy torment.
You punish those that try to bend your will. (Will+)
You are agile. (Dex +4, Str/Int -1)
You possess an exceptional clarity of mind.
Your flesh is cold resistant. (rC+)
Armour fits poorly on your strangely shaped body.
Your system is resistant to poisons. (rPois)
Your muscles are strong. (Str +4, Int/Dex -1)
Your spells are a little harder to cast, but a little more powerful.
Potions are less effective at restoring your health.


Message History

Press: ? - help, Dir - move target A rock wall.
This square is covered in magical glow.
You begin to meditate on the wall.
You continue meditating on the rock. x2
The Orb Guardian barely misses you.
You finish merging with the rock.
You climb upwards.
There is a stone staircase leading down here.
Unknown command.
Casting: Passwall (safe; 1% risk of failure)
Confirm with . or Enter, or press ? or * to list all spells.
Aiming: Fire Storm (dangerous; 1% risk of failure)
Press: ? - help, Dir - move target You feel a surge of power!
A raging storm of fire appears!
The tree burns like a torch!
The forest fire spreads! x2
The forest fire spreads!
Really walk into that cloud of flame? [Y]es or [N]o only, please.
Really walk into that cloud of flame?
Okay, then.
Unknown command.
Unknown command.
The forest fire spreads!
The forest fire spreads!
The forest fire spreads! x2
Really walk into that cloud of spreading flames?
You are engulfed in a forest fire.
You resist.
The forest fire spreads!
You take 14 damage, and have 175/190 hp.
You are engulfed in a forest fire.
You resist.
You take 5 damage, and have 170/190 hp.
Really walk into that cloud of flame? [Y]es or [N]o only, please.
Really walk into that cloud of flame?
You are engulfed in blazing flames.
You resist.
There is an empty arch of ancient stone here.
You take 8 damage, and have 162/190 hp.
The forest fire spreads!
There is a staircase leading out of the dungeon here.
You have escaped!

##.####..##........##.#..........
...................##.#.##......#
.#.###.#....#.......#.#.#########
.........###..♣♣♣♣♣.....#
.#.##.##......♣♣♣♣♣.♣.#.#
......##.⌠.♣♣.♣∩∩∩.♣♣♣.>#
.#.#...#...♣♣∩.....∩♣♣..#
...#...#.☼○○°..♣♣♣..∩♣♣.#
.###...#.§§§°...@...∩♣♣.#######
..>....#.§§§○§.♣♣♣..∩♣♣.......# #
.........§°§§§.....∩♣♣........# #
.........⌠°§§..∩.∩♣♣♣♣.>......###
.......##.#○.....♣♣♣♣...........'
..........##.....♣♣..##.......###
........#.###.................##.
#................###.###....).##.
.....#..#..........#.###......##.


There were no monsters in sight!

Vanquished Creatures
  the Royal Jelly (Slime:5)
  9 dread liches
  3 orbs of fire (Zot:5)
  Tiamat (Zot:2)
  4 ancient liches
  2 juggernauts (Depths:3)
  A pandemonium lord (Depths:3)
  A shard shrike (IceCv)
  Frederick (Vaults:3)
  6 Killer Klowns
  6 golden dragons
  2 doom hounds (Zot:2)
  The ghost of Qijusi the Peltast, an adept HuFi of Cheibriados (Vaults:4)
  4 tentacled monstrosities
  3 electric golems
  2 walking earthen tomes
  2 liches (Vaults:5)
  25 Orb Guardians
  2 deep elf master archers (Elf:3)
  2 deep elf blademasters (Elf:3)
  Asterion (Snake:4)
  4 titans
  6 sphinxes
  5 quicksilver dragons
  An Executioner (Depths:3)
  3 death cobs
  11 acid blobs
  6 storm dragons
  5 tengu reavers
  5 shadow dragons
  Kirke (Snake:2)
  6 rockslimes (Slime:5)
  9 draconian monks
  An iron dragon (Depths:4)
  6 nagarajas
  13 fire giants
  6 azure jellies
  2 draconian knights
  3 deep elf sorcerers (Elf:3)
  9 frost giants
  21 vault wardens
  3 draconian scorchers
  A ghost moth (Zot:2)
  5 deep elf elementalists (Elf:3)
  4 angels (Zot:2)
  A draconian shifter (Zot:2)
  2 balrugs
  23 ironbound preservers
  A cacodemon (Depths:3)
  5 formless jellyfish
  7 ironbound thunderhulks
  2 draconian stormcallers
  5 orc warlords
  6 draconian annihilators
  35 very ugly things
  10 quicksilver oozes (Slime:5)
  4 war gargoyles
  2 vampire knights
  25 stone giants
  3 green draconians
  The ghost of Otiecvoz the Black Sun, a journeyman DsNe of Kikubaaqudgha (Lair:5)
  A demonspawn black sun (Depths:4)
  6 purple draconians
  7 deep elf demonologists
  9 deep elf annihilators
  2 black draconians
  9 dire elephants
  6 yellow draconians
  8 red draconians
  9 white draconians
  3 spark wasps
  14 ettins
  8 merfolk javelineers
  4 crystal guardians
  7 deep elf death magi
  An iron golem (Depths:4)
  5 deep elf high priests
  6 jiangshi (Depths:1)
  9 fire dragons
  6 merfolk impalers
  8 yaktaur captains
  Josephine (Lair:2)
  33 vault guards
  4 rakshasas
  4 peacekeepers
  10 hydras
  2 merfolk avatars (Shoals:3)
  6 ogre magi
  8 ice dragons
  8 salamander tyrants
  9 great orbs of eyes
  10 centaur warriors
  15 ironbound frosthearts
  5 anacondas
  A catoblepas (Lair:1)
  3 alligator snapping turtles
  3 merfolk aquamancers
  A hell beast (D:15)
  7 spriggan air magi
  A satyr (shapeshifter) (Depths:1)
  A satyr (Shoals:3)
  14 dancing weapons
  10 two-headed ogres
  11 boulder beetles
  8 deep troll shamans
  7 orc high priests
  6 deep troll earth magi
  7 tengu warriors
  A boulder beetle (shapeshifter) (Vaults:5)
  7 naga warriors
  8 death yaks
  4 vampire magi
  7 naga sharpshooters
  4 occultists
  Urug (Lair:4)
  2 soul eaters
  A hell knight (Vaults:1)
  17 deep elf knights
  8 shock serpents
  Sonja (Orc:1)
  6 skeletal warriors
  5 spriggan berserkers
  9 sea snakes
  6 iron trolls
  3 skysharks
  A sixfirhy (Depths:2)
  A fire crab (D:11)
  6 salamander mystics
  3 naga ritualists
  An orange crystal statue (IceCv)
  3 shadow demons
  2 flayed ghosts
  6 glowing orange brains
  3 phantasmal warriors (Vaults:5)
  20 ironbound convokers
  12 orc knights
  A spriggan simulacrum (Elf:3)
  6 deep elf archers
  55 deep trolls
  8 lindwurms
  A harpy (shapeshifter) (Elf:1)
  27 deep elf pyromancers
  An iron dragon zombie (Depths:1)
  7 arcanists
  16 manticores
  3 necromancers
  18 harpies
  19 deep elf zephyrmancers
  11 orc sorcerers
  10 mana vipers
  4 cyclopes
  3 oklob plants
  8 elephants
  4 shining eyes
  48 ugly things
  3 fauns (Shoals:2)
  27 salamanders
  A fire giant skeleton (Vaults:1)
  10 moths of wrath
  22 black mambas
  22 vault sentinels
  An elf zombie (Vaults:1)
  8 merfolk sirens
  12 naga magi
  3 smoke demons
  3 eyes of devastation
  8 water nymphs
  10 cane toads
  A torpor snail (Lair:4)
  3 guardian serpents
  Maggie (D:8)
  2 centaur skeletons (D:14)
  An orange demon (Depths:3)
  4 freezing wraiths
  9 komodo dragons
  An unseen horror (D:11)
  3 efreet
  3 kobold blastminers
  A hellion (D:12)
  2 spriggan zombies (Depths:1)
  17 rime drakes
  21 yaktaurs
  A kobold demonologist (D:11)
  3 tengu conjurers
  An ice devil (D:4)
  A tormentor (D:6)
  An anaconda simulacrum (Elf:3)
  20 merfolk
  8 trolls
  22 polar bears
  4 wind drakes
  Grinder (D:3)
  6 hornets
  A hellwing (Zot:2)
  7 snapping turtles
  19 blink frogs
  2 dream sheep
  7 glass eyes
  A vampire (D:5)
  15 water elementals
  A dire elephant simulacrum (Elf:3)
  4 air elementals
  56 slime creatures
  14 spriggans
  5 wyverns
  A wyvern (shapeshifter) (Zot:3)
  46 yaks
  3 shadows
  A hog (shapeshifter) (Vaults:5)
  8 wraiths
  7 golden eyes
  8 basilisks
  2 chaos spawn
  A minotaur simulacrum (Elf:3)
  3 steam dragons
  7 hogs (Snake:2)
  10 vampire mosquitoes
  A fire elemental (Elf:1)
  7 wargs
  Edmund (D:6)
  An acid dragon (shapeshifter) (Zot:3)
  32 nagas
  14 water moccasins
  5 black bears
  41 orc warriors
  4 ice beasts
  A sky beast (D:8)
  A tengu (shapeshifter) (Zot:3)
  9 boggarts
  41 wolves
  A centaur (shapeshifter) (Zot:3)
  An orc skeleton (Vaults:1)
  10 centaurs
  18 ogres
  A phantom (D:5)
  6 kobold brigands
  A bullfrog (shapeshifter) (Zot:2)
  2 gnoll sergeants
  12 bullfrogs
  4 earth elementals
  4 deep troll simulacra (Elf:3)
  7 wights
  13 killer bees
  6 howler monkeys
  5 electric eels
  30 orc priests
  2 hounds
  A jelly (D:7)
  3 gnoll boudas
  A sleepcap (D:8)
  4 iguanas
  Ijyb (D:3)
  17 orc wizards
  A statue (D:10)
  2 boggart skeletons (D:14)
  27 gnolls
  6 adders
  An adder (shapeshifter) (Zot:3)
  A white imp (D:5)
  2 worms (D:3)
  3 dart slugs
  85 orcs
  7 ball pythons
  5 endoplasms
  3 endoplasms (shapeshifter)
  3 giant cockroaches
  5 goblins
  A hobgoblin (shapeshifter) (Depths:2)
  10 hobgoblins
  A jackal (shapeshifter) (Zot:3)
  18 kobolds
  5 quokkas
  A bat (shapeshifter) (Depths:2)
  4 bats
  4 frilled lizards
  A kobold (shapeshifter) (Vaults:5)
  3 rats
  3 rats (shapeshifter)
  A butterfly (Zot:2)
2075 creatures vanquished.

Vanquished Creatures (collateral kills)
  2 orbs of fire (Zot:5)
  2 golden dragons
  A bone dragon (Vaults:3)
  An electric golem (Zot:5)
  3 tentacled monstrosities
  An Orb Guardian (Zot:5)
  A sphinx (Vaults:5)
  Grunn (Zot:2)
  An acid blob (Slime:5)
  3 storm dragons
  A draconian monk (Zot:2)
  A draconian scorcher (Zot:3)
  2 frost giants
  A draconian shifter (Zot:3)
  A draconian annihilator (Zot:3)
  A formless jellyfish (Vaults:3)
  3 ironbound preservers
  A war gargoyle (Vaults:4)
  3 very ugly things
  A stone giant (Depths:2)
  An ironbound thunderhulk (Vaults:1)
  2 black draconians (Zot:3)
  2 yellow draconians
  3 green draconians (Zot:3)
  3 dire elephants (Vaults:3)
  A purple draconian (Zot:3)
  A white draconian (Zot:3)
  A crystal guardian (Vaults:4)
  A fire dragon (Depths:4)
  A vault guard (Vaults:5)
  2 peacekeepers (Vaults:4)
  An ironbound frostheart (Vaults:1)
  A deep troll shaman (Depths:1)
  An iron troll (Depths:1)
  A deep troll (Vaults:3)
  An ironbound convoker (Vaults:5)
  An orc knight (Vaults:1)
  A shining eye (Slime:5)
  A moth of wrath (Zot:3)
  A tengu conjurer (Depths:3)
58 creatures vanquished.

Vanquished Creatures (others)
  A merfolk siren (Shoals:4)
  A wind drake (Shoals:4)
  A spriggan (Depths:1)
  A centaur (D:11)
  304 fire vortices
  8 fulminant prisms
316 creatures vanquished.

Grand Total: 2449 creatures vanquished

Notes
Turn   | Place    | Note
-------+----------+-------------------------------------------
     0 | D:1      | KimchiStew the Demonspawn Conjurer began the quest for the
                  | Orb.
     0 | D:1      | Reached XP level 1. HP: 13/13 MP: 3/3
    13 | D:1      | Found Ohech's Distillery.
   212 | D:1      | Reached skill level 1 in Fighting
   257 | D:1      | Gained mutation: You have large cloven feet. [demonic
                  | ancestry]
   257 | D:1      | Reached XP level 2. HP: 21/21 MP: 1/5
   260 | D:1      | Learned a level 2 spell: Searing Ray
  1339 | D:2      | Gained mutation: You regenerate a little health from kills.
                  | [demonic ancestry]
  1339 | D:2      | Reached XP level 3. HP: 26/26 MP: 3/6
  1690 | D:1      | Bought a potion of curing for 42 gold pieces
  2002 | D:3      | Reached XP level 4. HP: 32/33 MP: 3/7
  2114 | D:1      | Bought a potion of heal wounds for 70 gold pieces
  2631 | D:3      | Noticed Ijyb
  2633 | D:3      | Killed Ijyb
  2634 | D:3      | Reached skill level 5 in Conjurations
  2634 | D:3      | Reached XP level 5. HP: 30/38 MP: 7/9
  2858 | D:3      | Noticed Grinder
  2867 | D:3      | Killed Grinder
  2868 | D:3      | Reached skill level 1 in Evocations
  2868 | D:3      | Gained mutation: You are surrounded by a mild repulsion
                  | field. (EV +2) [demonic ancestry]
  2868 | D:3      | Reached XP level 6. HP: 4/44 MP: 1/10
  3016 | D:3      | Found a broken altar of Ashenzari.
  3281 | D:4      | Found a bloodstained altar of Trog.
  3481 | D:4      | Identified the +0 robe "Arij" {+Blink rPois Str-4}
  3538 | D:4      | Noticed an ice beast
  3547 | D:4      | Killed an ice beast
  3974 | D:4      | Found a staircase to the Ecumenical Temple.
  4056 | Temple   | Entered the Ecumenical Temple
  4128 | D:5      | Entered Level 5 of the Dungeon
  4154 | D:5      | Learned a level 4 spell: Fulminant Prism
  4159 | D:5      | Learned a level 4 spell: Iskenderun's Mystic Blast
  4279 | D:5      | Gained mutation: You may rarely emit foul miasma when
                  | damaged in melee. [demonic ancestry]
  4279 | D:5      | Reached XP level 7. HP: 50/50 MP: 8/12
  4475 | D:5      | Found a shimmering altar of Xom.
  4792 | D:5      | Noticed a vampire
  4803 | D:5      | Noticed a steam dragon
  4809 | D:5      | Killed a vampire
  4813 | D:5      | Killed a steam dragon
  4814 | D:5      | Gained mutation: You are surrounded by a moderate repulsion
                  | field. (EV +3) [demonic ancestry]
  4814 | D:5      | Reached XP level 8. HP: 35/56 MP: 9/15
  4815 | D:5      | Reached skill level 5 in Spellcasting
  5357 | D:6      | Noticed Jeremiah
  5446 | D:6      | Found a burning altar of Makhleb.
  5480 | D:6      | Noticed Edmund
  5494 | D:6      | Killed Edmund
  5669 | D:6      | Found a transporter.
  5676 | D:6      | Found a transporter.
  5783 | D:6      | Identified the +7 trident "Xuicoluc" {elec, rN+ MP+9 Str+3}
  5805 | D:6      | Noticed Roalbala's ghost (novice DrSh)
  5981 | D:6      | Learned a level 2 spell: Blink
  6235 | D:7      | Reached skill level 1 in Hexes
  6236 | D:7      | Reached skill level 1 in Translocations
  6236 | D:7      | Gained mutation: You sometimes emit foul miasma when
                  | damaged in melee. [demonic ancestry]
  6236 | D:7      | Reached XP level 9. HP: 62/62 MP: 13/17
  6680 | D:7      | Reached skill level 10 in Conjurations
  7219 | D:8      | Found Wum Bekk's Jewellery Shoppe.
  7281 | D:8      | Found Xoyggos's Book Emporium.
  7297 | D:8      | Found a basalt altar of Yredelemnul.
  7326 | D:8      | Found Deit's Weapon Shoppe.
  7326 | D:8      | Noticed a +0 quick blade
  7326 | D:8      | Noticed a +0 great mace
  7368 | D:8      | Found Daowaq's Assorted Antiques.
  7372 | D:8      | Bought a pair of faintly humming gloves for 199 gold pieces
  7372 | D:8      | Identified the +3 pair of gloves of Nuggoxta {rPois} (You
                  | bought it in a shop on level 8 of the Dungeon)
  7906 | D:8      | Noticed Maggie
  7912 | D:8      | Killed Maggie
  7939 | D:8      | Found Aget Juts's Distillery.
  7945 | D:8      | Bought a potion of enlightenment for 55 gold pieces
  8428 | D:8      | Found a shadowy altar of Dithmenos.
  9066 | D:9      | Gained mutation: You regenerate health from kills. [demonic
                  | ancestry]
  9066 | D:9      | Reached XP level 10. HP: 73/73 MP: 20/20
  9348 | D:9      | Found a staircase to the Orcish Mines.
  9349 | D:9      | Found an ornate altar of the Wu Jian Council.
  9435 | D:9      | Reached skill level 5 in Fighting
  9494 | D:9      | Found a shimmering blue altar of Sif Muna.
  9853 | D:9      | Found a hide-covered altar of Uskayaw.
 10048 | D:9      | Found an opulent altar of Gozag.
 10184 | D:9      | Noticed a two-headed ogre
 10206 | D:9      | Killed a two-headed ogre
 10231 | D:9      | Noticed a six-headed hydra
 10239 | D:9      | Killed a six-headed hydra
 10350 | D:10     | Entered Level 10 of the Dungeon
 10414 | D:10     | Found a blossoming altar of Fedhas.
 10414 | D:10     | Noticed a two-headed ogre
 10429 | D:10     | Killed a two-headed ogre
 10430 | D:10     | Reached XP level 11. HP: 86/86 MP: 13/24
 10679 | D:10     | Noticed a boulder beetle
 10696 | D:10     | Reached skill level 1 in Armour
 10696 | D:10     | Reached skill level 1 in Shields
 10709 | D:10     | Killed a boulder beetle
 10761 | D:10     | Found a radiant altar of Vehumet.
 10774 | D:10     | Became a worshipper of Vehumet
 10824 | D:10     | Found an iron altar of Okawaru.
 10952 | D:10     | Identified the serpent talisman "Epilit" {*Corrode rF+ rN++
                  | SInv}
 11068 | D:10     | Learned a level 4 spell: Flame Wave
 11733 | D:11     | Gained mutation: Potions are less effective at restoring
                  | your health. [a neqoxec]
 11778 | D:11     | Noticed a fire crab
 11783 | D:11     | Reached skill level 1 in Fire Magic
 11801 | D:11     | Killed a fire crab
 12023 | D:11     | Found a staircase to the Lair.
 12174 | D:11     | Noticed a deep elf pyromancer
 12176 | D:11     | Noticed a white ugly thing
 12201 | D:11     | Killed a white ugly thing
 13136 | D:11     | Killed a deep elf pyromancer
 13255 | Lair:1   | Entered Level 1 of the Lair of Beasts
 13502 | Lair:1   | Noticed a catoblepas
 13576 | Lair:1   | Reached skill level 1 in Polearms
 13715 | Lair:1   | Reached * piety under Vehumet
 13715 | Lair:1   | Offered knowledge of Freeze by Vehumet.
 13842 | Lair:1   | Reached XP level 12. HP: 80/92 MP: 23/25
 14280 | Lair:1   | Killed a catoblepas
 14792 | Lair:2   | Reached skill level 10 in Spellcasting
 15554 | Lair:2   | Reached ** piety under Vehumet
 15554 | Lair:2   | Offered knowledge of Kiss of Death by Vehumet.
 16052 | Lair:2   | Found a staircase to the Snake Pit.
 16346 | Lair:3   | Noticed Josephine
 16438 | Lair:2   | Killed Josephine
 16439 | Lair:2   | Reached skill level 5 in Fire Magic
 16655 | Lair:3   | Found a staircase to the Shoals.
 16839 | Lair:3   | Offered knowledge of Frozen Ramparts by Vehumet.
 16857 | Lair:3   | Learned a level 3 spell: Frozen Ramparts
 16998 | Lair:3   | Noticed a four-headed hydra
 17061 | Lair:3   | Reached skill level 1 in Ice Magic
 17061 | Lair:3   | Gained mutation: You frequently emit foul miasma when
                  | damaged in melee. [demonic ancestry]
 17061 | Lair:3   | Reached XP level 13. HP: 90/98 MP: 23/28
 17128 | Lair:3   | Reached *** piety under Vehumet
 18059 | Lair:4   | Identified the maw talisman of Objectivity {rF++ Slay+3
                  | Stlth+}
 18101 | Lair:4   | Offered knowledge of Inner Flame by Vehumet.
 18102 | Lair:4   | Reached skill level 5 in Ice Magic
 18482 | Lair:4   | Noticed Urug
 18497 | Lair:4   | Killed Urug
 18615 | Lair:4   | Identified a scroll of acquirement
 19514 | Orc:1    | Entered Level 1 of the Orcish Mines
 19580 | Orc:1    | Noticed Sonja
 19585 | Orc:1    | Reached **** piety under Vehumet
 19611 | Orc:1    | Killed Sonja
 19838 | Orc:2    | Entered Level 2 of the Orcish Mines
 19882 | Orc:2    | Learned a level 6 spell: Bombard
 19935 | Orc:2    | Offered knowledge of Brom's Barrelling Boulder by Vehumet.
 20044 | Orc:1    | Noticed JaaP's ghost (journeyman BaHu)
 20051 | Orc:1    | Found a runed translucent gate.
 20051 | Orc:1    | Found a runed translucent gate.
 20053 | Orc:1    | Found a runed translucent gate.
 20149 | Orc:1    | Reached skill level 1 in Earth Magic
 20420 | Orc:1    | Gained mutation: You are surrounded by a strong repulsion
                  | field. (EV +4, RMsl) [demonic ancestry]
 20420 | Orc:1    | Reached XP level 14. HP: 105/105 MP: 28/30
 20738 | Orc:2    | Reached ***** piety under Vehumet
 20758 | Orc:2    | Offered knowledge of Airstrike by Vehumet.
 21119 | Orc:2    | Found Jeschit's Antique Weapon Emporium.
 21130 | Orc:2    | Found Sutothiy's Assorted Antiques.
 21176 | Orc:2    | Bought a scroll of teleportation for 84 gold pieces
 21176 | Orc:2    | Bought 2 scrolls of enchant armour for 420 gold pieces
 21351 | Orc:2    | Learned a level 2 spell: Searing Ray
 21690 | Orc:2    | Identified the +1 halberd "Qeur" {freeze, rN+ Int+3}
 21797 | Orc:2    | Found a staircase to the Elven Halls.
 21889 | Orc:2    | Noticed an orc warlord
 21914 | Orc:2    | Killed an orc warlord
 22098 | Orc:2    | Reached skill level 5 in Earth Magic
 22187 | Orc:2    | Found Vareodi's Distillery.
 22195 | Orc:2    | Bought a potion of resistance for 150 gold pieces
 22215 | Orc:2    | Found Ibrarch's Book Shoppe.
 22223 | Orc:2    | Bought the Verses on Inhalation for 462 gold pieces
 22474 | Orc:2    | Acquired the +2 buckler "Jisisios" {Will+ Int+2}
 24405 | D:13     | Found Zuopt's Vocational Training.
 24690 | D:13     | Found Tunouboo's Weapon Boutique.
 24943 | D:13     | Reached skill level 10 in Fire Magic
 24958 | D:13     | Gained mutation: You regenerate a lot of health from kills.
                  | [demonic ancestry]
 24958 | D:13     | Reached XP level 15. HP: 110/110 MP: 23/32
 25396 | Lair:5   | Entered Level 5 of the Lair of Beasts
 25474 | Lair:5   | Offered knowledge of Irradiate by Vehumet.
 25481 | Lair:5   | Learned a level 5 spell: Irradiate
 25642 | Lair:5   | Found a runed translucent door.
 25644 | Lair:5   | Found a shimmering altar of Xom.
 25644 | Lair:5   | Noticed Otiecvoz's ghost (journeyman DsNe)
 25645 | Lair:5   | Identified the +3 demon whip "Buingen" {chaos, Int+4}
 25778 | Lair:5   | Found a viscous altar of Jiyva.
 25778 | Lair:5   | Found a staircase to the Slime Pits.
 25812 | Lair:5   | Killed Otiecvoz's ghost
 25998 | Lair:5   | Identified the +8 morningstar of Umosan {venom, Will+}
 27560 | Lair:5   | Found a shimmering altar of Xom.
 27587 | Lair:5   | Found a staircase to the Slime Pits.
 27588 | Lair:5   | Found a viscous altar of Jiyva.
 28750 | D:14     | Reached ****** piety under Vehumet
 28751 | D:14     | Offered knowledge of Ozocubu's Refrigeration by Vehumet.
 28855 | D:14     | Found a gate to the Vaults.
 29065 | D:14     | Reached skill level 15 in Conjurations
 29524 | D:15     | Entered Level 15 of the Dungeon
 29906 | D:15     | Found a staircase to the Depths.
 30575 | D:15     | Found a runed translucent gate.
 30576 | D:15     | Found a runed translucent gate.
 30576 | D:15     | Found a runed translucent gate.
 30579 | D:15     | Noticed Domino's ghost (adept MiFi)
 30579 | D:15     | Noticed Eneel's ghost (journeyman DsWn)
 30579 | D:15     | Noticed Jeromn Koenk's ghost (adept OpSh)
 31045 | Snake:1  | Entered Level 1 of the Snake Pit
 31051 | Snake:1  | Reached XP level 16. HP: 114/117 MP: 11/34
 31112 | Snake:1  | Learned a level 8 spell: Ignition
 31474 | Shoals:1 | Entered Level 1 of the Shoals
 31788 | Shoals:1 | Found Taoza's Weapon Emporium.
 33557 | Shoals:3 | Offered knowledge of Yara's Violent Unravelling by Vehumet.
 34025 | Shoals:4 | Entered Level 4 of the Shoals
 34415 | Shoals:4 | Reached skill level 15 in Spellcasting
 34755 | Shoals:4 | Reached skill level 15 in Fire Magic
 34829 | Shoals:4 | Paralysed by a formless jellyfish for 1 turns
 35046 | Shoals:4 | Reached XP level 17. HP: 102/122 MP: 31/36
 35057 | Shoals:4 | Got a barnacled rune of Zot
 35436 | Snake:2  | Noticed Kirke
 35444 | Snake:2  | Offered knowledge of Arcjolt by Vehumet.
 35452 | Snake:2  | Killed Kirke
 35459 | Snake:2  | Learned a level 5 spell: Freezing Cloud
 36955 | Snake:2  | Found a sacrificial altar of Ru.
 37438 | Snake:3  | Found a sacrificial altar of Ru.
 37509 | Snake:3  | Noticed Roxanne
 38171 | Snake:3  | Offered knowledge of Eringya's Noxious Bog by Vehumet.
 38716 | Snake:3  | Identified the staff "Badix" {Will+ Conj}
 39084 | Snake:4  | Entered Level 4 of the Snake Pit
 39394 | Snake:4  | Noticed Asterion
 39598 | Snake:4  | Killed Asterion
 39877 | Snake:4  | Got the Quarto of the Blinking Volcano
 40213 | Snake:4  | Reached XP level 18. HP: 129/129 MP: 29/38
 41120 | Snake:4  | Offered knowledge of Lehudib's Crystal Spear by Vehumet.
 41170 | Snake:4  | Got a serpentine rune of Zot
 41383 | Snake:4  | Upgraded the game from 0.31-a0-1096-g246cf0196b to
                  | 0.31-a0-1098-g6898e6545c
 41632 | Vaults:1 | Entered Level 1 of the Vaults
 41771 | Vaults:1 | Learned a level 7 spell: Spellforged Servitor
 42998 | Vaults:1 | Identified the +3 leather armour "Akhitur" {SInv}
 43695 | Vaults:1 | Offered knowledge of Lehudib's Crystal Spear by Vehumet.
 43695 | Vaults:1 | Offered knowledge of Polar Vortex by Vehumet.
 43695 | Vaults:1 | Offered knowledge of Maxwell's Capacitive Coupling by
                  | Vehumet.
 43724 | Vaults:1 | Learned a level 6 spell: Plasma Beam
 44632 | Vaults:2 | Found Takhlyha's Antique Armour Boutique.
 44663 | Vaults:2 | Bought a pair of glimmering gloves for 370 gold pieces
 44663 | Vaults:2 | Identified the +2 pair of gloves "Fel Kybu" {Stlth+} (You
                  | bought it in a shop on level 2 of the Vaults)
 45013 | Vaults:2 | Reached XP level 19. HP: 115/134 MP: 22/39
 47056 | Vaults:2 | Found Takhlyha's Antique Armour Boutique.
 47584 | Vaults:3 | Noticed Frederick
 47645 | Vaults:3 | Killed Frederick
 48207 | Vaults:3 | Paralysed by a formless jellyfish for 1 turns
 48564 | Vaults:3 | Found a staircase to the Crypt.
 48564 | Vaults:3 | Noticed a bone dragon
 48573 | Vaults:3 | Killed a bone dragon
 48757 | Vaults:3 | Found the +18 shield of the Gong {Loud rN+ Will+ rCorr
                  | EV-5}
 48883 | Vaults:3 | Found Xuoxta's Antique Weapon Shoppe.
 49796 | Vaults:4 | Gained mutation: You have hoof-like feet. [demonic
                  | ancestry]
 49796 | Vaults:4 | Reached XP level 20. HP: 131/141 MP: 41/41
 51263 | Vaults:4 | Found a runed translucent door.
 51272 | Vaults:4 | Noticed Qijusi's ghost (adept HuFi)
 51521 | Vaults:4 | Killed Qijusi's ghost
 51734 | Vaults:4 | Acquired the +3 pair of mountain boots {steadfast, rC+}
 51734 | Vaults:4 | Found the +3 pair of mountain boots {steadfast, rC+}
 52139 | Elf:1    | Entered Level 1 of the Elven Halls
 52150 | Elf:1    | Learned a level 9 spell: Fire Storm
 52626 | Elf:1    | Found Udiuddodd's Book Emporium.
 52645 | Elf:1    | Found Ivaopha's Weapon Shop.
 52660 | Elf:1    | Found Leofaury's Armour Boutique.
 52826 | Elf:1    | Found a runed translucent door.
 52826 | Elf:1    | Noticed Socil's ghost (veteran DjDe)
 52864 | Elf:1    | Paralysed by an air elemental for 1 turns
 52960 | Elf:1    | Got the Parchment of Violence
 53527 | Elf:2    | Found Nioweh's Mass Market.
 53673 | Elf:2    | Found a runed translucent gate.
 53673 | Elf:2    | Found a runed translucent gate.
 53676 | Elf:2    | Found a runed translucent gate.
 53741 | Elf:2    | Found Joqosop's Book Emporium.
 53787 | Elf:2    | Found Xov Jysk's Armour Shoppe.
 53787 | Elf:2    | Found Reyt Petz's Weapon Emporium.
 53790 | Elf:2    | Found Jekoukyv's Book Shoppe.
 54071 | Elf:2    | Paralysed by an air elemental for 1 turns
 54186 | Elf:3    | Entered Level 3 of the Elven Halls
 54266 | Elf:3    | Found Lamunat's Magic Scroll Shop.
 54271 | Elf:3    | Bought a scroll of acquirement for 780 gold pieces
 54271 | Elf:3    | Acquired 1026 gold pieces
 54314 | Elf:3    | Found a frozen archway.
 54323 | IceCv    | Entered an ice cave
 55015 | IceCv    | Noticed a shard shrike
 55019 | IceCv    | Killed a shard shrike
 55041 | IceCv    | Gained mutation: You have hooves in place of feet. [demonic
                  | ancestry]
 55041 | IceCv    | Reached XP level 21. HP: 138/148 MP: 5/43
 55100 | IceCv    | Found the +0 mask of the Dragon {Will+ Slay+3 SInv}
 55128 | IceCv    | Got the Papyrus of Changed Ice
 55137 | IceCv    | Learned a level 2 spell: Passwall
 55330 | Elf:3    | Paralysed by an air elemental for 1 turns
 55335 | Elf:3    | Paralysed by an air elemental for 1 turns
 55501 | Elf:3    | Identified the +1 robe of Impatience {rC++ Str+3}
 55501 | Elf:3    | Identified the ring of Vofol {Fire rPois Slay+3 Stlth+}
 55746 | Elf:3    | Identified the ring "Mudastrurr" {Wiz rN+}
 55903 | Elf:3    | Identified the +1 broad axe "Sopnumnamn" {drain, rC+ Str-3
                  | Dex+4}
 55957 | Elf:3    | Identified the staff of Wengawisoa {rElec Will+ Int+3 Conj}
 56013 | Elf:3    | Identified the +5 ring mail of Unafomno {-Tele Harm rElec
                  | Str+6}
 56035 | Elf:3    | Identified the +1 plate armour "Goxeepum" {Rampage rF+}
 56389 | Elf:3    | Identified the +8 dagger "Akalas Edarr" {heavy, rElec rC-
                  | Str+7}
 57076 | Vaults:5 | Entered Level 5 of the Vaults
 57084 | Vaults:5 | Noticed an ancient lich
 57085 | Vaults:5 | Noticed an ancient lich
 57093 | Vaults:5 | Killed an ancient lich
 57095 | Vaults:5 | Killed an ancient lich
 57120 | Vaults:5 | Identified the ring "Gejos" {Fire MP-9 Str+5 Dex+4}
 57128 | Vaults:5 | Noticed a dread lich
 57132 | Vaults:5 | Killed a dread lich
 57133 | Vaults:5 | Reached XP level 22. HP: 159/159 MP: 44/44
 57140 | Vaults:5 | Reached skill level 10 in Fighting
 57739 | Vaults:5 | Identified the ring "Qoigear" {EV+5 Str+2}
 57761 | Vaults:5 | Noticed a dread lich
 57767 | Vaults:5 | Killed a dread lich
 57852 | Vaults:5 | Noticed a golden dragon
 57854 | Vaults:5 | Killed a golden dragon
 57904 | Vaults:5 | Identified the +3 sling of the Open Hand {flame, rCorr
                  | Dex+3}
 58099 | Vaults:5 | Identified the ring "Fyosmicri" {rN+ Dex+3 Stlth+}
 58176 | Vaults:5 | Noticed a dread lich
 58182 | Vaults:5 | Killed a dread lich
 58348 | Vaults:5 | Identified the ring of the Devil's Team {rElec AC+4 Slay+5
                  | Stlth+}
 58458 | Vaults:5 | Got the Guide on Phlogiston and Misery
 58478 | Vaults:5 | Identified the +1 helmet "Hahiuh" {rPois rF+ Slay-5}
 58649 | Vaults:5 | Identified the +4 hand axe "Avalysaf" {venom, Dex+6}
 58658 | Vaults:5 | Got a silver rune of Zot
 58675 | Vaults:5 | Identified the staff of the Wasteland {rC+ Str+4 Dex-2 Ice}
 59299 | Slime:1  | Entered Level 1 of the Pits of Slime
 59348 | Slime:1  | HP: 3/161 [acid blob/splash of acid (10)]
 59864 | Slime:5  | Entered Level 5 of the Pits of Slime
 60099 | Slime:5  | Lost mutation: Potions are less effective at restoring your
                  | health. [potion of mutation]
 60099 | Slime:5  | Gained mutation: You occasionally shout uncontrollably at
                  | your foes. [potion of mutation]
 60099 | Slime:5  | Gained mutation: Your spells are a little harder to cast,
                  | but a little more powerful. [potion of mutation]
 60099 | Slime:5  | Gained mutation: You are agile. (Dex +4, Str/Int -1)
                  | [potion of mutation]
 60099 | Slime:5  | Gained mutation: You have hidden genetic potential. [potion
                  | of mutation]
 60100 | Slime:5  | Lost mutation: You have hidden genetic potential. [potion
                  | of mutation]
 60100 | Slime:5  | Lost mutation: You occasionally shout uncontrollably at
                  | your foes. [potion of mutation]
 60100 | Slime:5  | Gained mutation: Your system is resistant to poisons.
                  | (rPois) [potion of mutation]
 60100 | Slime:5  | Gained mutation: Your flesh is cold resistant. (rC+)
                  | [potion of mutation]
 60100 | Slime:5  | Gained mutation: You possess an exceptional clarity of
                  | mind. [potion of mutation]
 60213 | Slime:5  | Found a viscous altar of Jiyva.
 60394 | Slime:5  | Noticed the Royal Jelly
 60397 | Slime:5  | Killed the Royal Jelly
 60405 | Slime:5  | Paralysed by a formless jellyfish for 1 turns
 60422 | Slime:5  | Paralysed by a formless jellyfish for 1 turns
 60429 | Slime:5  | Gained mutation: Your muscles are strong. (Str +4, Int/Dex
                  | -1) [mutagenic glow]
 60894 | Slime:5  | Got a slimy rune of Zot
 60901 | Slime:5  | Identified the staff "Pet Utz" {rC+ Str+3 SInv Stlth- Conj}
 60908 | Slime:5  | Identified the +7 great sword of Subjectivity {freeze, rN++
                  | Int-2 Dex+6}
 60921 | Slime:5  | Identified the ring of Gypheput {Fire rN+ Int+5}
 60927 | Slime:5  | Got the Vellum of the Unlucky Mortuary
 60934 | Slime:5  | Found the +7 captain's cutlass {speed, disarm}
 60936 | Slime:5  | Identified the +0 chain mail of the Foremost Prophets {rF+
                  | Dex+2}
 60939 | Slime:5  | Identified the +4 battleaxe "Cionaf" {elec, Will++ rCorr}
 60953 | Slime:5  | Identified the +5 flail "Rusim" {freeze, *Rage +Blink
                  | Str+3}
 61340 | Depths:1 | Entered Level 1 of the Depths
 61441 | Depths:1 | Identified the +6 war axe "Kaofajia" {spect, *Slow rN+++
                  | Str+3 Dex-4}
 61536 | Depths:1 | Gained mutation: You punish those that try to bend your
                  | will. (Will+) [demonic ancestry]
 61536 | Depths:1 | Reached XP level 23. HP: 167/167 MP: 34/46
 61906 | Depths:1 | Found a gateway to Hell.
 62589 | Depths:1 | Found a one-way gate to the infinite horrors of the Abyss.
 62764 | Depths:1 | Found an ancient bone altar of Kikubaaqudgha.
 62909 | Depths:2 | Found a one-way gate leading to the halls of Pandemonium.
 63348 | Depths:2 | Found a basalt altar of Yredelemnul.
 63814 | Depths:2 | Identified the ring "Ewoitruu" {Int+6 Slay-5 SInv}
 64124 | Depths:3 | Noticed a juggernaut
 64127 | Depths:3 | Killed a juggernaut
 64146 | Depths:3 | Noticed a juggernaut
 64148 | Depths:3 | Identified the ring "Qialy" {Wiz rElec MP+9}
 64250 | Depths:3 | Gained mutation: You are resistant to unholy torment.
                  | [demonic ancestry]
 64250 | Depths:3 | Reached XP level 24. HP: 59/174 MP: 47/47
 64484 | Depths:3 | Killed a juggernaut
 64661 | Depths:3 | Got the Omnibus of Fumes and the Lithosphere
 64723 | Depths:3 | Identified the +0 kite shield of Hospitality {rPois Int+2}
 64723 | Depths:3 | You fall into a shaft and drop 1 floor!
 64723 | Depths:4 | Entered Level 4 of the Depths
 64928 | Depths:4 | Reached skill level 1 in Air Magic
 65029 | Depths:4 | Found a gate to the Realm of Zot.
 65488 | Depths:4 | Found a snail-covered altar of Cheibriados.
 65612 | Depths:4 | Learned a level 8 spell: Lehudib's Crystal Spear
 65805 | Depths:4 | Found a one-way gateway to a ziggurat.
 66227 | Zot:1    | Entered Level 1 of the Realm of Zot
 66254 | Zot:1    | Reached skill level 5 in Dodging
 66484 | Zot:2    | Noticed Grunn
 66494 | Zot:2    | Killed Grunn
 66548 | Zot:3    | Reached skill level 5 in Armour
 66758 | Zot:3    | Reached skill level 5 in Air Magic
 67908 | Zot:2    | Gained mutation: You can hurl damnation. [demonic ancestry]
 67908 | Zot:2    | Reached XP level 25. HP: 180/184 MP: 28/48
 68057 | Zot:2    | Found a shimmering altar of Xom.
 68058 | Zot:2    | Found a shimmering altar of Xom.
 68058 | Zot:2    | Found a shimmering altar of Xom.
 68058 | Zot:2    | Found a shimmering altar of Xom.
 68060 | Zot:2    | Found a shimmering altar of Xom.
 68173 | Zot:2    | Noticed a Killer Klown
 68185 | Zot:2    | Killed a Killer Klown
 68512 | Zot:2    | Found the +4 dragonskin cloak
 68512 | Zot:2    | Noticed Tiamat
 68517 | Zot:2    | Noticed a Killer Klown
 68733 | Zot:2    | Killed Tiamat
 68857 | Zot:2    | Killed a Killer Klown
 69278 | Zot:5    | Entered Level 5 of the Realm of Zot
 69352 | Zot:5    | Noticed a Killer Klown
 69363 | Zot:5    | Killed a Killer Klown
 69543 | Zot:5    | Identified the +5 orcbow of Hazoj {drain, Fly rF++ Will+}
 69836 | Zot:5    | Noticed a dread lich
 69843 | Zot:5    | Killed a dread lich
 69864 | Zot:5    | Noticed a Killer Klown
 69882 | Zot:5    | Killed a Killer Klown
 69963 | Zot:5    | Noticed a Killer Klown
 69967 | Zot:5    | Noticed an orb of fire
 69970 | Zot:5    | Gained mutation: You have hidden genetic defects. [an orb
                  | of fire]
 69972 | Zot:5    | Killed an orb of fire
 69979 | Zot:5    | Killed a Killer Klown
 69990 | Zot:5    | Noticed an orb of fire
 69995 | Zot:5    | Killed an orb of fire
 69995 | Zot:5    | Noticed an orb of fire
 70003 | Zot:5    | Killed an orb of fire
 70035 | Zot:5    | Noticed a dread lich
 70039 | Zot:5    | Killed a dread lich
 70047 | Zot:5    | Noticed a dread lich
 70047 | Zot:5    | Noticed a dread lich
 70049 | Zot:5    | Killed a dread lich
 70050 | Zot:5    | Reached skill level 10 in Earth Magic
 70050 | Zot:5    | Killed a dread lich
 70053 | Zot:5    | Killed a dread lich
 70056 | Zot:5    | Gained mutation: Potions are less effective at restoring
                  | your health. [hidden defects]
 70080 | Zot:5    | Noticed an ancient lich
 70084 | Zot:5    | Killed an ancient lich
 70092 | Zot:5    | Reached skill level 10 in Dodging
 70209 | Zot:5    | Noticed an orb of fire
 70213 | Zot:5    | Killed an orb of fire
 70404 | Zot:5    | Noticed an orb of fire
 70410 | Zot:5    | Noticed a dread lich
 70413 | Zot:5    | Killed a dread lich
 70549 | Zot:5    | Noticed an ancient lich
 70552 | Zot:5    | Killed an ancient lich
 70563 | Zot:5    | Noticed a Killer Klown
 70566 | Zot:5    | Killed a Killer Klown
 70567 | Zot:5    | Gained mutation: Armour fits poorly on your strangely
                  | shaped body. [hidden defects]
 70567 | Zot:5    | Lost mutation: You have hidden genetic defects. [hidden
                  | defects expressed]
 70572 | Zot:5    | Killed an orb of fire
 70573 | Zot:5    | Reached skill level 10 in Air Magic
 70588 | Zot:5    | Reached XP level 26. HP: 191/191 MP: 25/48
 70762 | Zot:5    | Got the Orb of Zot
 70889 | Depths:3 | Noticed Unauw the pandemonium lord
 70897 | Depths:3 | Killed Unauw the pandemonium lord
 70948 | Depths:1 | Noticed Devegoxt the pandemonium lord
 71376 | D:$      | Escaped with the Orb!

Illustrated notes

Levels and vault maps discovered:
D:1:      heliophobic_arrival_henge, layout_basic, serial_shops, shop
D:2:      layout_rooms
D:3:      layout_basic, ashenzari_altar_1, chequers_serial_rivers_small_3,
          nrook_loot_triangle, uniq_ijyb, uniq_grinder
D:4:      layout_basic, mainiacjoe_overflow_24_doors, bloody_trog,
          minmay_temple_entry_nine_rooms
D:5:      layout_rooms, mainiacjoe_overflow_cross_hatched, minmay_manual_mail
D:6:      layout_basic, lemuel_tele_altar, gammafunk_ghost_gnarly_gnolls,
          nicolae_zen_rock_garden, hangedman_abyss_or_decor_passed,
          chequers_serial_rivers_room_a, minmay_misc_feat_diagonals,
          uniq_edmund, uniq_jeremiah
D:7:      layout_basic, nemelex_spade_bored_becter
D:8:      layout_loops_corners, overflow_temple_1_default,
          lemuel_coloured_pillars_altar, serial_shops, shop, shop, shop,
          nicolae_shop_mannequins, nicolae_shop_hallway_plus, minivault_11,
          hangedman_decor_growths, hangedman_decor_lopped,
          kennysheep_generic_room_12, uniq_maggie
D:9:      minmay_cornered_nines, layout_basic, kennysheep_mini,
          mainiacjoe_overflow_six_doors_small, pdpol_wu_jian_five_deadly_venoms,
          mainiacjoe_overflow_brackets, kennysheep_generic_room_9
D:10:     layout_roguey, vehumet_statue, okawaru_altar_gauntlet_db,
          zin_scriptorium, mainiacjoe_overflow_concentric_impassable
D:11:     layout_basic, minmay_lair_entry_lava
D:12:     layout_cave_pods, hangedman_decor_clover_reticule,
          grunt_ministairs_10, beargit_elvish_explorers
D:13:     layout_irregular_city, serial_shops,
          nicolae_shop_tiny_real_fake_doors, serial_bayou_ford_a, hex_tiny,
          nicolae_shop_vocational
D:14:     layout_small_grid, hangedman_vaults_entry_quadrant_bands,
          minmay_misc_feat_alley
D:15:     grunt_enter_depths_snipers, layout_basic, gammafunk_ghost_cemetery,
          minmay_misc_feat_iff
Temple:   hellmonk_temple_micro_hex
Lair:1:   layout_cave_pods, patterned_corridor, infiniplex_staircase_pool
Lair:2:   layout_cave_pods, alex1729_snake_entry_snake, grunt_megastairs_2
Lair:3:   layout_long_grid, minmay_shoals_entry_centaurs,
          chequers_serial_rivers_room_a, beast_lair_carwin_10,
          lemuel_fruit_tree, uniq_josephine
Lair:4:   layout_gridlike, minmay_shattered_shrine, serial_bayou_shore_b,
          grunt_megastairs_3, infiniplex_staircase_pool_2, uniq_urug
Lair:5:   minmay_lair_end_enchanted_forest, layout_long_grid,
          dpeg_slime_entry_enclosed, ebering_ghost_xom, serial_bayou_shore_b,
          serial_bayou_shore_b, lemuel_fruit_fields
Shoals:1: layout_shoals, serial_shops, nicolae_shop_bloodbath_and_beyond
Shoals:2: layout_shoals
Shoals:3: layout_shoals
Shoals:4: shoals_end_simple, layout_shoals
Snake:1:  layout_rooms, basic_altar, grunt_ministairs_7,
          nicolae_snake_coiling_death, uniq_jorgrun, uniq_aizul
Snake:2:  layout_chambers, basic_altar, st_stairs_6, grunt_megastairs_5,
          uniq_kirke
Snake:3:  layout_chambers, lemuel_altar_in_water2, uniq_roxanne
Snake:4:  hellmonk_snake_rune_quicksilver_temple, layout_cave_town,
          uniq_asterion
Slime:1:  cheibrodos_slime_lost_civilization_9, layout_caves
Slime:2:  layout_caves
Slime:3:  nicolae_slime_infinislime, layout_caves
Slime:4:  layout_caves
Slime:5:  slime_pit_nicolae_jellycorners
Orc:1:    layout_diamond_mine, gammafunk_ghost_split, uniq_sonja
Orc:2:    pubby_orc_utopia, serial_shops
Elf:1:    nicolae_elf_arrival_no_cutting_in_line, layout_geoelf_grid,
          serial_shops, shop, shop, shop, ebering_ghost_inner_flame,
          minmay_elf_annihilation, grunt_ministairs_5, minivault_4
Elf:2:    elven_hall_of_blades_hangedman_original [nicolae_blade_little_rooms],
          layout_gridlike, minmay_shop_mass, lemuel_flamethrower_hall,
          minmay_shoptagon
Elf:3:    grunt_elf_hall_branching, layout_loops_corners,
          portal_ice_cave_entry_ice_simulacra, serial_shops, shop
Vaults:1: nicolae_vaults_tetromino_L_2, v_misc_8,
          vaults_room_grunt_arrival_ludios, nicolae_vaults_tetromino_T_1,
          nicolae_vaults_twisting_passages, grunt_vaults_hallway_long, v_misc_3,
          v_misc_9, nicolae_vaults_closet_pinwheel_2, ontoclasm_vaults_shuriken,
          nicolae_vaults_octothorpe, nicolae_vaults_little_squares_2,
          v_alt_pattern_5, nicolae_vaults_little_squares_1,
          layout_vaults_omnicross, serial_shops, bzr_firewalk
Vaults:2: ontoclasm_vaults_tryst, serial_library_hellmonk_open_square,
          nicolae_vaults_more_shelving_2, ontoclasm_vaults_spin,
          nicolae_vaults_frosty_reception, nicolae_vaults_octothorpe,
          nicolae_vaults_alarming, v_rooms_2, nicolae_vaults_three_branches,
          vaults_room_stairs_pillars, nicolae_vaults_tetromino_L_1,
          nicolae_vaults_little_squares_3, layout_vaults_big_room, serial_shops,
          shop
Vaults:3: v_misc_5, nicolae_vaults_closet_pinwheel_2,
          minmay_crypt_entry_nasty_monster, nicolae_vaults_swerve,
          hellmonk_guarded_unrand_gong, nicolae_vaults_tetromino_T_1,
          nicolae_vaults_tetromino_T_2, v_pattern_5,
          nicolae_vaults_door_testing_chamber, nicolae_vaults_closet_pinwheel_1,
          ontoclasm_vaults_ligature, nicolae_vaults_tetromino_Z_1,
          minmay_orc_keep, layout_vaults_omnibox, serial_shops,
          nicolae_lakefront_shop, uniq_margery, uniq_frederick
Vaults:4: hellmonk_ghost_happy_afterlife, vaults_room_fours, v_misc_30,
          nicolae_vaults_storage_closets_2, nicolae_vaults_sightless_eye,
          vaults_room_glass_cross, nicolae_vaults_mitosis,
          layout_vaults_quadrants
Vaults:5: serial_shops
Depths:1: dreamdust_experimentation, layout_gridlike, nicolae_the_louvre,
          pf_hell_entry_tar_spiral, abyss_entry_small_statue_room,
          minmay_misc_feat_more_columns, amcnicky_mini_rare_corridor_liquid,
          minmay_misc_feat_four_crosses, lemuel_zombie_altar_kikubaaqudgha
Depths:2: minmay_dotted_concentric_squares, layout_small_grid,
          yredelemnul_altar_generic, rand_demon_pan_entry_5, hell_entry,
          onia_ninara_cookie
Depths:3: grunt_crosshair, layout_cave_pools, small_statue_intersection,
          hell_entry, abyss_entry
Depths:4: evilmike_zot_entry_round, layout_cave_pools, enter_ziggurat_c,
          chequers_jeans, lightli_too_deep, minmay_misc_feat_room, slow_altar_1
Zot:1:    layout_cathedral_of_symmetry, regret_index_zotdec_golden_two_three
Zot:2:    dreamdust_zin_vs_xom, layout_basic, uniq_tiamat, uniq_grunn
Zot:3:    layout_cathedral_of_symmetry, hellmonk_formless_pools
Zot:4:    layout_cathedral_of_symmetry, nicolae_zot_crop_circle
Zot:5:    layout_twisted_circle, grunt_ministairs_8

Skill      XL: |  1  2  3  4  5  6  7  8  9 10 11 12 13 14 15 16 17 18 19 20 21 22 23 24 25 26 |
---------------+-------------------------------------------------------------------------------+-----
Stealth        | 2 3 |  3.0
Fighting       | 1 2 4 8 9 10 11 12 | 12.0
Conjurations   | 5 6 8 9 10 12 13 14 15 16 18 19 20 22 23 24 | 24.0
Spellcasting   | 3 4 5 7 9 11 12 13 14 15 16 17 18 19 20 21 | 21.0
Evocations     | 1 2 |  2.0
Hexes          | 1 4 |  4.0
Translocations | 1 3 4 |  4.0
Dodging        | 4 7 10 11 | 11.1
Armour         | 3 4 6 8 |  8.5
Shields        | 3 4 |  4.0
Fire Magic     | 3 5 7 10 12 15 16 18 19 20 21 22 23 24 | 24.0
Polearms       | 1 4 |  4.0
Ice Magic      | 1 6 |  6.0
Earth Magic    | 1 5 8 11 | 11.7
Air Magic      | 5 10 | 10.5

Action                     |  1- 3 |  4- 6 |  7- 9 | 10-12 | 13-15 | 16-18 | 19-21 | 22-24 | 25-27 || total
---------------------------+-------+-------+-------+-------+-------+-------+-------+-------+-------++-------
  Melee: Unarmed           |     1 |       |       |       |       |       |       |       |       ||     1
         Dagger            |    18 |    20 |    83 |    73 |       |       |       |       |       ||   194
         Kick              |     3 |     5 |    15 |       |       |       |       |    50 |     5 ||    78
         Punch             |       |       |     2 |       |       |       |       |       |       ||     2
         Spear             |       |       |       |    69 |   138 |       |       |       |       ||   207
         Staff             |       |       |       |       |    41 |   102 |   138 |    91 |    10 ||   382
  Throw: Throwing net      |       |       |     1 |       |       |       |       |       |       ||     1
         Dart              |       |       |       |     4 |    24 |     8 |       |     2 |       ||    38
   Cast: Magic Dart        |    51 |    38 |    75 |   113 |   130 |    18 |       |       |       ||   425
         Searing Ray       |     7 |     8 |    52 |   111 |    89 |    19 |       |       |       ||   286
         Iskenderun's Myst |       |       |     1 |    35 |    11 |     2 |       |       |       ||    49
         Fulminant Prism   |       |       |       |     8 |       |       |       |       |       ||     8
         Flame Wave        |       |       |       |    24 |   115 |    47 |       |       |       ||   186
         Frozen Ramparts   |       |       |       |       |    26 |    34 |       |       |       ||    60
         Bombard           |       |       |       |       |   158 |   387 |   213 |   136 |       ||   894
         Blink             |       |       |       |       |     1 |       |       |     2 |       ||     3
         Irradiate         |       |       |       |       |     2 |    16 |    31 |    22 |       ||    71
         Ignition          |       |       |       |       |       |    17 |    49 |    25 |     2 ||    93
         Freezing Cloud    |       |       |       |       |       |    73 |    21 |       |     1 ||    95
         Plasma Beam       |       |       |       |       |       |    15 |   202 |    78 |    22 ||   317
         Spellforged Servi |       |       |       |       |       |     1 |     8 |    10 |     4 ||    23
         Fire Storm        |       |       |       |       |       |       |    13 |   161 |    55 ||   229
         Lehudib's Crystal |       |       |       |       |       |       |       |    43 |    70 ||   113
         Passwall          |       |       |       |       |       |       |       |       |    18 ||    18
Ability: Hurl Damnation    |       |       |       |       |       |       |       |       |     2 ||     2
  Evoke: Wand              |       |     3 |    11 |    18 |    15 |     2 |     5 |     4 |     7 ||    65
         Phantom mirror    |       |       |       |       |       |       |     1 |     1 |       ||     2
         Phial of floods   |       |       |       |       |       |       |     1 |     1 |       ||     2
    Use: Potion            |     1 |       |     4 |     1 |     1 |     2 |    12 |     9 |    12 ||    42
         Scroll            |       |     3 |    10 |     2 |     9 |     8 |     5 |     7 |     4 ||    48
   Stab: Sleeping          |       |     3 |     1 |     1 |       |       |     1 |     1 |       ||     7
         Held in net/web   |       |       |     1 |       |       |       |       |       |       ||     1
         Invisible         |       |       |       |       |     1 |       |       |       |       ||     1
 Armour: Robe              |    14 |    17 |    70 |       |       |       |       |       |       ||   101
         Steam dragon scal |       |       |    43 |   301 |   399 |   361 |   316 |   226 |    83 ||  1729
  Dodge: Dodged            |    18 |    13 |   130 |   319 |   384 |   296 |   221 |   140 |    63 ||  1584
         Repelled          |       |       |       |       |     2 |    16 |    21 |    22 |    10 ||    71
  Block: Buckler           |       |       |       |    34 |   143 |   136 |    97 |    65 |    21 ||   496

Table legend: (Time is in decaauts)
 A = Elapsed time spent in this place.
 B = Non-inter-level travel time spent in this place.
 C = Inter-level travel time spent in this place.
 D = Time resting spent in this place.
 E = Time spent auto-exploring this place.
 F = Levels seen in this place.
 G = Mean time per level.
                   A        B        C        D        E       F      G
               +--------+--------+--------+--------+--------+-----+--------+
         Total |  71839 |  66650 |   5189 |  21451 |  29442 |  54 | 1330.4 |
       Dungeon |  20242 |  17949 |   2293 |   4947 |   9041 |  15 | 1349.5 |
        Temple |      4 |      2 |      2 |      0 |      0 |   1 |    4.0 |
          Lair |   9559 |   8572 |    987 |   2636 |   3911 |   5 | 1911.8 |
        Shoals |   4197 |   4054 |    143 |   1283 |   1638 |   4 | 1049.2 |
     Snake Pit |   6111 |   5924 |    187 |   2214 |   2654 |   4 | 1527.8 |
    Slime Pits |   1798 |   1751 |     47 |   1084 |      3 |   5 |  359.6 |
  Orcish Mines |   3217 |   2934 |    283 |    939 |   1011 |   2 | 1608.5 |
   Elven Halls |   3731 |   3620 |    111 |    842 |   1805 |   3 | 1243.7 |
        Vaults |  12549 |  11703 |    846 |   4048 |   5427 |   5 | 2509.8 |
        Depths |   4986 |   4784 |    202 |   1453 |   2222 |   4 | 1246.5 |
           Zot |   4600 |   4515 |     85 |   1675 |   1568 |   5 |  920.0 |
      Ice Cave |    841 |    841 |      0 |    330 |    160 |   1 |  841.0 |
               +--------+--------+--------+--------+--------+-----+--------+

Top non-repeatable levels by time:
Vaults:2: 3173 daAuts
Vaults:1: 3046 daAuts
  Lair:5: 2825 daAuts
   Orc:2: 2355 daAuts
    D:11: 2333 daAuts
Vaults:4: 2329 daAuts
    D:12: 2226 daAuts
 Snake:3: 2194 daAuts
Vaults:3: 2192 daAuts
 Snake:2: 2005 daAuts
  Lair:1: 1922 daAuts
   Zot:2: 1839 daAuts
 Snake:4: 1829 daAuts
  Lair:4: 1812 daAuts
Vaults:5: 1807 daAuts
